 Dungeon Crawl Stone Soup version 0.28-a0-863-g8cecda6153 (webtiles) character file.

Game seed: 16670384437064124615

37469 lunkers the Nimble (level 14, -10/110 HPs)
             Began as a Djinni Cinder Acolyte on Nov 16, 2021.
             Was a High Priest of Ignis.
             Mangled by an orc knight (25 damage)
             ... on level 1 of the Orcish Mines on Nov 17, 2021.
             The game lasted 01:06:42 (25275 turns).

lunkers the Nimble (Djinni Cinder Acolyte)         Turns: 25275, Time: 01:06:43

Health: -10/110    AC: 11    Str: 15      XL:     14   Next: 29%
Gold:   917        EV: 17    Int: 16      God:    Ignis [*****.] SH:  0 Dex:  4 (6)

rFire   + + +      SeeInvis .   A - +3 demon blade (pain)
rCold   x . .      Faith    .   (no shield)
rNeg    . . .      Spirit   .   s - +0 troll leather armour
rPois   ∞          Reflect  .   h - +1 helmet
rElec   .          Harm     .   (no cloak)
rCorr   .          Rampage  .   v - +0 pair of gloves of Slovenliness {Str+2}
Will    +....      Rage     3%  (boots unavailable)
Stlth   +.........              o - amulet of the acrobat
HPRegen 1.28/turn               g - +4 ring of protection
MPRegen 0.00/turn               j - +4 ring of evasion

@: flying, studying Dodging, unable to read
A: sickness immunity, fire resistance 2, cold vulnerability 1, float, innate
caster, hp casting, extra vitality 1, [berserk 2], [clumsy 2], [deterioration
2], [dopey 2], [screaming 2], [subdued magic 2], [inability to read while
threatened]
a: Renounce Religion, Sea of Fire, Foxfire Swarm, Rising Flame


You were on level 1 of the Orcish Mines.
You worshipped Ignis.
Ignis was extremely pleased with you.
You visited 3 branches of the dungeon, and saw 15 of its levels.
You visited the Abyss 1 time.
You also visited: Gauntlet.

You collected 1196 gold pieces.
You spent 279 gold pieces at shops.

Inventory:

Hand Weapons
 A - a +3 demon blade of pain (weapon)
Missiles
 k - 356 stones
 w - 4 throwing nets
Armour
 b - +0 acid dragon scales
 h - a +1 helmet (worn)
 s - a +0 troll leather armour (worn)
 v - the +0 pair of gloves of Slovenliness (worn) {Str+2}
   (You found it on level 8 of the Dungeon)

   Str:       It affects your strength (+2).
 B - +0 steam dragon scales
Magical Staves
 a - a staff of fire
Jewellery
 g - a +4 ring of protection (left hand)
 j - a +4 ring of evasion (right hand)
 o - an amulet of the acrobat (around neck)
 x - a +4 ring of evasion
 z - the ring "Tubes" {Ice *Corrode Will++ Dex+6}
   (You found it in a Gauntlet)

   [ring of ice]

   It enhances your ice magic.
   Dex:       It affects your dexterity (+6).
   rF:        It makes you vulnerable to fire.
   rC:        It protects you from cold.
   *Corrode:  It may corrode you when you take damage.
   Will:      It greatly increases your willpower.
 H - the ring "Seosto" {rCorr Str+6 Int+2 Dex-5}
   (You found it in a Gauntlet)

   [ring of strength]

   Str:       It affects your strength (+6).
   Int:       It affects your intelligence (+2).
   Dex:       It affects your dexterity (-5).
   rCorr:     It protects you from acid and corrosion.
 I - the ring of Shadows {Umbra +Inv Stlth+}
   (You took it off a minotaur in a Gauntlet)

   [ring of stealth]

   It surrounds you with an aura of shadow, increasing your stealth and reducing
   the accuracy of all within it (including the wearer).
   +Inv:      It lets you turn invisible.
   Stlth:     It makes you more stealthy.
 N - a ring of protection from cold
Wands
 p - a wand of polymorph (29)
 q - a wand of flame (24)
 t - a wand of charming (18)
Scrolls
 c - a scroll of blinking
 f - a scroll of teleportation
 m - 4 scrolls of fear
 D - a scroll of fog
 F - a scroll of holy word
 J - a scroll of enchant armour
 L - 3 scrolls of identify
Potions
 d - 3 potions of invisibility
 e - 3 potions of curing
 i - a potion of might
 l - a potion of lignification
 r - a potion of berserk rage
 u - 3 potions of attraction
 C - 2 potions of mutation
 G - a potion of haste
Miscellaneous
 E - a tin of tremorstones (2/2)
 O - a phantom mirror
 P - a phial of floods


   Skills:
 + Level 13.0 Fighting
 - Level 2.6(2.9) Short Blades
 + Level 1.4(2.2) Long Blades
 + Level 14.2 Dodging
 + Level 13.9 Spellcasting


You had 21 spell levels left.
You knew the following spells:

 Your Spells              Type           Power      Damage    Failure   Level
a - Poisonous Vapours     Pois/Air       68%        N/A       0%          2
b - Sandblast             Erth           68%        2d15      0%          1
c - Blink                 Tloc           68%        N/A       0%          2
d - Lesser Beckoning      Tloc           34%        N/A       0%          3
e - Hailstorm             Conj/Ice       34%        3d9       1%          4
f - Lee's Rapid Deconstr  Erth           17%        3d11*     1%          5
p - Scorch                Fire           68%        2d8       0%          2
Your spell library was empty.

Dungeon Overview and Level Annotations

Branches:
Dungeon (12/15)            Temple (0/1) D:4            Lair (1/6) D:11
    Orc (2/2) D:12            Elf (0/3) Orc:2       Gauntlet (visited)

Altars:
Cheibriados
Makhleb
Nemelex Xobeh
Qazlal
Ru
Trog
Vehumet
Wu Jian
Zin
The Shining One
Beogh

Shops:
D:3 :   D:10 *   Orc:2 !?(!:

Portals:
Pandemonium: Orc:2


Innate Abilities, Weirdness & Mutations

You are immune to sickness and miasma.
You are immune to poison.
Your flesh is very heat resistant. (rF++)
You are vulnerable to cold. (rC-)
You float through the air rather than walking.
You learn spells naturally, not from books.
Your magical power is your life essence.
You have superior vitality. (+4 HP)
[You often lose your temper in combat.]
[You are very clumsy. (Dex -4)]
[Your body often deteriorates upon taking damage.]
[You are very dopey. (Int -4)]
[You frequently scream uncontrollably at your foes.]
[Your spells are easier to cast, but less powerful.]
[You sometimes lose the ability to read scrolls when taking damage.]


Message History

Casting: Scorch (safe; 0% risk of failure)
Press: ? - help, Q - select action, (/) - cycle Dir - look around, f - activate Flames lash the orc knight.
The orc knight is burned terribly!
The orc knight is severely wounded.
* * * LOW HITPOINT WARNING * * *
The orc knight closely misses you.
Casting: Scorch (safe; 0% risk of failure)
Press: ? - help, Q - select action, (/) - cycle Dir - look around, f - activate Flames lash the orc knight.
The orc knight is burned terribly!
The orc knight is almost dead.
* * * LOW HITPOINT WARNING * * *
The orc knight hits you with a +2 long sword!
* * * LOW HITPOINT WARNING * * *
Your body deteriorates!
You feel clumsy.
Casting: Scorch (safe; 0% risk of failure)
Press: ? - help, Q - select action, (/) - cycle Dir - look around, f - activate Flames lash the orc knight but do no damage.
* * * LOW HITPOINT WARNING * * *
The orc knight hits you with a +2 long sword!!
* * * LOW HITPOINT WARNING * * *
Casting: Scorch (safe; 0% risk of failure)
Press: ? - help, Q - select action, (/) - cycle Dir - look around, f - activate Flames lash the orc knight but do no damage.
* * * LOW HITPOINT WARNING * * *
The orc knight is no longer more vulnerable to fire.
The orc knight hits you with a +2 long sword!
* * * LOW HITPOINT WARNING * * *
Items here: ))) [[[ †.
You see here a +0 club.
Casting: Scorch (safe; 0% risk of failure)
Confirm with . or Enter, or press ? or * to list all spells.
Aiming: Lee's Rapid Deconstruction (mildly dangerous; 1% risk of failure)
Press: ? - help, Dir - move target A rock wall.
The wall shatters!
The blast of rock fragments hits the orc knight but does no damage.
The orc knight is almost dead.
* * * LOW HITPOINT WARNING * * *
The orc knight hits you with a +2 long sword!!
You die...

#.....$# ##.).#.....###
##....# #..[####)....#
....# ##...# #))..## #....#
#....####...## ##....#
##.#....#...## ##.#.....
#.......#..## .###....^#
##.##......# .##...#...
##.#####...# ......#....#
#.@.# #.....# .......
.....###o## ##.#.## ....#.
#......))# ##### ....#
##........####### #
..#..##......._...##.#.#.##
..##......................#
### .....##.......##.....##
..##..# .....#....#.....#
......#
......#......##......


You could see an orc knight.

Vanquished Creatures
  Azrael (Orc:2)
  A minotaur (Gauntlet)
  Harold (D:10)
  4 boulder beetles
  2 hydras
  Erolcha (Orc:1)
  2 demonspawn (Orc:2)
  5 two-headed ogres
  A thrashing horror (Abyss:1)
  6 orc high priests (Orc:2)
  A wizard (Gauntlet)
  4 orc knights (Orc:2)
  5 orc sorcerers (Orc:2)
  A cyclops (Orc:2)
  A moth of wrath (Gauntlet)
  A torpor snail (Gauntlet)
  A gargoyle (D:12)
  A dire elephant skeleton (Abyss:1)
  A komodo dragon (D:11)
  An unseen horror (D:6)
  A hellwing (Orc:2)
  A tengu conjurer (D:8)
  An ancient zyme (Abyss:1)
  2 trolls
  5 slime creatures
  3 raiju (Abyss:1)
  2 redbacks (Gauntlet)
  A ynoxinul (Orc:2)
  3 large abominations (Abyss:1)
  2 shadows (D:12)
  4 wraiths
  A wyvern (D:9)
  8 yaks
  4 fire elementals (Orc:2)
  2 fire bats (Abyss:1)
  2 steam dragons
  A chaos spawn (Orc:2)
  4 wargs
  2 acid dragons
  5 water moccasins
  3 hell hounds (Orc:2)
  28 orc warriors
  An ice beast (D:7)
  A hornet zombie (D:7)
  5 ogres
  4 wolves (Gauntlet)
  11 centaurs
  A phantom (D:6)
  A kobold brigand (D:9)
  2 bullfrogs
  A gnoll sergeant (D:8)
  2 scorpions
  A small abomination (Abyss:1)
  A water moccasin skeleton (D:4)
  A wyvern skeleton (D:6)
  A troll zombie (D:12)
  10 killer bees (D:9)
  3 wights (Abyss:1)
  3 howler monkeys
  4 centaur zombies
  A hound (D:6)
  29 orc priests
  2 jellies
  A centaur skeleton (D:6)
  2 bullfrog skeletons
  Jessica (D:3)
  3 iguanas
  Ijyb (D:3)
  16 orc wizards
  7 ogre zombies (D:12)
  A hound skeleton (D:4)
  Robin (D:2)
  4 gnolls
  10 adders
  A river rat (D:4)
  A shadow imp (Gauntlet)
  4 white imps
  9 worms
  4 dart slugs
  69 orcs
  10 bats
  6 endoplasms
  2 giant cockroaches
  13 goblins
  14 hobgoblins
  5 jackals (D:2)
  5 kobolds
  2 quokkas
  3 ball pythons
  4 frilled lizards
  4 goblin zombies (D:12)
  3 hobgoblin skeletons (D:12)
  3 orc skeletons (D:12)
  15 orc zombies (D:12)
  9 rats
444 creatures vanquished.

Vanquished Creatures (others)
  A white imp (Abyss:1)
  A lurking horror (Abyss:1)
  46 plants (D:8)
  4 starspawn tentacles (Abyss:1)
52 creatures vanquished.

Grand Total: 496 creatures vanquished

Notes
Turn   | Place    | Note
-------+----------+-------------------------------------------
     0 | D:1      | lunkers the Djinni Cinder Acolyte began the quest for the
                  | Orb.
     0 | D:1      | Reached XP level 1. HP: 20/20 MP: 0/0
   299 | D:1      | Reached XP level 2. HP: 14/25 MP: 0/0
  1443 | D:1      | Reached XP level 3. HP: 28/30 MP: 0/0
  1443 | D:1      | Learned a level 1 spell: Sandblast
  1859 | D:2      | Reached XP level 4. HP: 5/36 MP: 0/0
  2606 | D:2      | Noticed Robin
  2644 | D:2      | Killed Robin
  2884 | D:2      | Reached XP level 5. HP: 38/41 MP: 0/0
  2884 | D:2      | Learned a level 2 spell: Poisonous Vapours
  3057 | D:2      | Found a faded altar of an unknown god.
  3593 | D:3      | Found Emoat's Book Emporium.
  3955 | D:3      | Noticed Jessica
  3961 | D:3      | Killed Jessica
  4233 | D:3      | Reached XP level 6. HP: 37/47 MP: 0/0
  4303 | D:3      | Noticed Ijyb
  4310 | D:3      | Killed Ijyb
  5649 | D:4      | Reached XP level 7. HP: 43/53 MP: 0/0
  5649 | D:4      | Learned a level 2 spell: Blink
  5827 | D:4      | Found a staircase to the Ecumenical Temple.
  6253 | D:4      | Found a glowing silver altar of Zin.
  6371 | D:5      | Entered Level 5 of the Dungeon
  6375 | D:5      | Reached skill level 5 in Spellcasting
  6529 | D:5      | Reached skill level 5 in Fighting
  6815 | D:5      | Found a glowing golden altar of the Shining One.
  7225 | D:5      | Found a stormy altar of Qazlal.
  7556 | D:5      | Identified a scroll of acquirement
  7556 | D:5      | Acquired a manual of Dodging
  7679 | D:6      | Noticed a water moccasin
  7683 | D:6      | Reached XP level 8. HP: 48/60 MP: 0/0
  8204 | D:6      | Reached XP level 9. HP: 41/67 MP: 0/0
  8204 | D:6      | Learned a level 3 spell: Lesser Beckoning
  8460 | D:6      | Found a sacrificial altar of Ru.
  8598 | D:6      | Killed an unseen horror
  9224 | D:7      | Found an ornate altar of the Wu Jian Council.
  9776 | D:7      | Found a sparkling altar of Nemelex Xobeh.
 10654 | D:8      | Found a snail-covered altar of Cheibriados.
 10733 | D:8      | Found a bloodstained altar of Trog.
 10974 | D:8      | Found a burning altar of Makhleb.
 11312 | D:8      | Reached XP level 10. HP: 44/76 MP: 0/0
 11626 | D:8      | Identified the +0 pair of gloves of Slovenliness {Str+2}
 13048 | D:10     | Entered Level 10 of the Dungeon
 13112 | D:10     | Noticed Harold
 13123 | D:10     | Killed Harold
 13124 | D:10     | Reached skill level 10 in Spellcasting
 13354 | D:10     | Noticed a two-headed ogre
 13604 | D:9      | Killed a two-headed ogre
 13605 | D:9      | Reached skill level 2 in Dodging
 13605 | D:9      | Reached XP level 11. HP: 66/84 MP: 0/0
 13605 | D:9      | Learned a level 4 spell: Hailstorm
 13782 | D:10     | Found Fonur's Assorted Antiques.
 13799 | D:10     | Bought a smoking morningstar for 279 gold pieces
 13799 | D:10     | Identified the +0 morningstar of the Gloaming {pain, rElec
                  | Int+2} (You bought it in a shop on level 10 of the Dungeon)
 14016 | D:10     | Acquired a +3 demon blade of pain
 14053 | D:10     | Reached skill level 3 in Dodging
 14828 | D:11     | Noticed a two-headed ogre
 14856 | D:11     | Killed a two-headed ogre
 14857 | D:11     | Reached skill level 4 in Dodging
 14862 | D:11     | Reached skill level 5 in Dodging
 15121 | D:11     | Noticed a two-headed ogre
 15128 | D:11     | Found a staircase to the Lair.
 15169 | D:11     | Reached skill level 10 in Fighting
 15169 | D:11     | Killed a two-headed ogre
 15665 | D:11     | Reached skill level 6 in Dodging
 15703 | D:11     | Noticed a boulder beetle
 15712 | D:11     | Killed a boulder beetle
 15926 | D:11     | Noticed a six-headed hydra
 15936 | D:11     | Killed a six-headed hydra
 15937 | D:11     | Reached skill level 7 in Dodging
 16113 | D:11     | Noticed a boulder beetle
 16124 | D:11     | Killed a boulder beetle
 16418 | Lair:1   | Entered Level 1 of the Lair of Beasts
 16418 | Lair:1   | Noticed an eight-headed hydra
 16429 | D:11     | Reached XP level 12. HP: 32/93 MP: 0/0
 16845 | D:12     | Found a gate leading to a gauntlet.
 16852 | Gauntlet | Entered a Gauntlet
 16852 | Gauntlet | Found a transporter.
 16860 | Gauntlet | Found a transporter.
 16863 | Gauntlet | Found a transporter.
 16864 | Gauntlet | Found a transporter.
 16871 | Gauntlet | Found a runed translucent door.
 16874 | Gauntlet | Found a transporter.
 16875 | Gauntlet | Found a transporter.
 16876 | Gauntlet | Found a transporter.
 16885 | Gauntlet | Found a transporter.
 16887 | Gauntlet | Found a transporter.
 16888 | Gauntlet | Found a transporter.
 16899 | Gauntlet | Found a transporter.
 16899 | Gauntlet | Found a transporter.
 16900 | Gauntlet | Found a transporter.
 16909 | Gauntlet | Noticed a great orb of eyes
 16911 | Gauntlet | Found a transporter.
 17539 | Gauntlet | Reached skill level 8 in Dodging
 17551 | Gauntlet | Identified the ring "Tubes" {Ice *Corrode Will++ Dex+6}
 17825 | Gauntlet | Identified the ring "Seosto" {rCorr Str+6 Int+2 Dex-5}
 18024 | Gauntlet | Noticed a minotaur
 18075 | Gauntlet | Killed a minotaur
 18076 | Gauntlet | Reached skill level 9 in Dodging
 18700 | D:12     | Noticed a six-headed hydra
 18807 | D:12     | Killed a six-headed hydra
 19258 | D:12     | Found a staircase to the Orcish Mines.
 19885 | D:12     | Reached skill level 10 in Dodging
 19896 | D:12     | Noticed a boulder beetle
 19913 | D:12     | Killed a boulder beetle
 20735 | D:12     | Noticed a boulder beetle
 20748 | D:12     | Killed a boulder beetle
 21337 | Orc:1    | Entered Level 1 of the Orcish Mines
 21377 | Orc:1    | Reached XP level 13. HP: 94/99 MP: 0/0
 21377 | Orc:1    | Learned a level 5 spell: Lee's Rapid Deconstruction
 21418 | Orc:1    | You are sucked into a shaft and drop 1 floor!
 21418 | Orc:2    | Entered Level 2 of the Orcish Mines
 21659 | Orc:2    | Reached skill level 11 in Dodging
 22181 | Orc:2    | Noticed Nessos
 22187 | Orc:2    | Noticed Nessos
 22187 | Orc:2    | Nessos changed into Nessos the yak
 22199 | Orc:2    | Killed Nessos the yak
 22557 | Orc:2    | Found Qaics's Distillery.
 22558 | Orc:2    | Found Keol's Magic Scroll Emporium.
 22843 | Orc:2    | Reached skill level 12 in Dodging
 23265 | Orc:2    | Found Tuqorosa's Distillery.
 23308 | Orc:2    | Reached skill level 13 in Dodging
 23437 | Orc:2    | Noticed Azrael
 23443 | Orc:2    | Killed Azrael
 23764 | Orc:2    | Noticed a demonspawn
 23768 | Orc:2    | Killed a demonspawn
 23770 | Orc:2    | Noticed a demonspawn
 23921 | Orc:2    | Killed a demonspawn
 23922 | Orc:2    | Reached XP level 14. HP: 107/108 MP: 0/0
 23991 | Orc:2    | Found Mygaawohi's Antique Weapon Shop.
 23991 | Orc:2    | Found Silegh's Book Boutique.
 23992 | Orc:2    | Found a one-way gate leading to the halls of Pandemonium.
 24084 | Orc:2    | Found a staircase to the Elven Halls.
 24274 | Orc:2    | Reached skill level 14 in Dodging
 24364 | Orc:1    | Noticed Erolcha
 24366 | Orc:1    | Cast into level 1 of the Abyss (Erolcha)
 24693 | Abyss:1  | HP: 3/108 [dire elephant skeleton (21)]
 24791 | Abyss:1  | Reached skill level 1 in Long Blades
 25039 | Abyss:1  | Noticed a tentacled starspawn
 25129 | Orc:1    | Escaped the Abyss
 25143 | Orc:1    | Killed Erolcha
 25275 | Orc:1    | Mangled by an orc knight

Illustrated notes

Levels and vault maps discovered:
D:1:      roderic_crossed_star, layout_basic, serial_rivers,
          chequers_serial_rivers_micro_e, chequers_serial_rivers_micro_d,
          chequers_serial_rivers_micro_a, chequers_serial_rivers_small_3,
          chequers_serial_rivers_micro_c, chequers_serial_rivers_room_a,
          lemuel_flame_loot_1
D:2:      layout_loops_ring, chequers_ecumenical_altar_twisty, uniq_robin
D:3:      layout_basic, serial_shops, nicolae_square_shop, uniq_jessica,
          uniq_ijyb
D:4:      layout_loops_ring, minitemple, lemuel_temple_firewalk_a,
          serial_rivers, chequers_serial_rivers_micro_c,
          chequers_serial_rivers_micro_a, chequers_serial_rivers_micro_b,
          chequers_serial_rivers_marsh, chequers_serial_rivers_marsh,
          portal_sewer_entry_b
D:5:      layout_rooms, tso_altar, general_overflow_altar,
          chequers_serial_rivers_room_a, nicolae_wormholes
D:6:      layout_basic, nicolae_ru_path_of_blood, corexii_corridor_pit,
          chequers_avenue
D:7:      layout_layer_cave, nicolae_wu_jian_wuxing_cycle,
          nemelex_diamond_rough_becter
D:8:      layout_gridville, chei_slow_surprise,
          mainiacjoe_overflow_catch_the_wave, enter_bailey_4
D:9:      layout_basic
D:10:     layout_roguey, serial_shops, nicolae_diamond_shop, uniq_harold
D:11:     layout_gridville, erik_lair_orcish_takeover
D:12:     layout_loops_ring, zombieorc2_lemuel, gauntlet_entry_generic
Lair:1:   layout_gridlike, minmay_holes, lemuel_fruit_tree
Orc:1:    layout_diamond_mine, basic_altar, uniq_erolcha
Orc:2:    pf_orc_diabolical, layout_diamond_mine, serial_shops, shop,
          mines1_david, uniq_rupert, uniq_nessos, uniq_azrael

Skill      XL: |  1  2  3  4  5  6  7  8  9 10 11 12 13 14 |
---------------+-------------------------------------------+-----
Spellcasting   | 3 4 5 7 8 10 11 12 13 | 13.9
Fighting       | 4 5 6 8 9 10 11 12 13 | 13.0
Dodging        | 2 7 10 13 14 | 14.2
Long Blades    | 1 |  1.4
Short Blades   | |  2.6

Action                   |  1- 3 |  4- 6 |  7- 9 | 10-12 | 13-15 || total
-------------------------+-------+-------+-------+-------+-------++-------
Melee: Short sword       |    12 |       |       |       |       ||    12
       Staff             |     9 |       |     2 |       |       ||    11
       Demon blade       |       |       |       |   137 |   105 ||   242
 Cast: Scorch            |    28 |    97 |   166 |   197 |   142 ||   630
       Poisonous Vapours |       |    21 |    50 |    81 |   173 ||   325
       Blink             |       |       |       |     6 |     2 ||     8
       Hailstorm         |       |       |       |    32 |    15 ||    47
       Lee's Rapid Decon |       |       |       |       |    64 ||    64
Evoke: Wand              |       |       |       |    11 |    12 ||    23
  Use: Scroll            |       |     2 |    13 |    12 |     3 ||    30
       Potion            |       |     2 |       |     1 |     1 ||     4
Armor: Robe              |     7 |    10 |    15 |    20 |       ||    52
       Steam dragon scal |       |       |       |    26 |       ||    26
       Acid dragon scale |       |       |       |    46 |    10 ||    56
       Troll leather arm |       |       |       |       |    55 ||    55
Dodge: Dodged            |    15 |    31 |    42 |   286 |   366 ||   740

Table legend: (Time is in decaauts)
 A = Elapsed time spent in this place.
 B = Non-inter-level travel time spent in this place.
 C = Inter-level travel time spent in this place.
 D = Time resting spent in this place.
 E = Time spent auto-exploring this place.
 F = Levels seen in this place.
 G = Mean time per level.
                   A        B        C        D        E       F      G
               +--------+--------+--------+--------+--------+-----+--------+
         Total |  25337 |  24730 |    607 |   2821 |  17353 |  18 | 1407.6 |
       Dungeon |  19694 |  19100 |    594 |   1612 |  14908 |  12 | 1641.2 |
          Lair |      7 |      7 |      0 |      0 |      0 |   1 |    7.0 |
  Orcish Mines |   3187 |   3175 |     12 |    276 |   1701 |   2 | 1593.5 |
         Abyss |    762 |    762 |      0 |     51 |    355 |   2 |  381.0 |
      Gauntlet |   1685 |   1685 |      0 |    882 |    389 |   1 | 1685.0 |
               +--------+--------+--------+--------+--------+-----+--------+

Top non-repeatable levels by time:
   Orc:2: 2936 daAuts
    D:12: 2629 daAuts
    D:11: 2451 daAuts
     D:1: 2076 daAuts
     D:4: 1811 daAuts
Gauntlet: 1685 daAuts
     D:9: 1642 daAuts
     D:2: 1519 daAuts
     D:8: 1453 daAuts
     D:6: 1386 daAuts
     D:7: 1318 daAuts
     D:3: 1289 daAuts
    D:10: 1227 daAuts
     D:5: 888 daAuts
 Abyss:1: 686 daAuts
